 Dungeon Crawl Stone Soup version 0.31-a0-744-gbc345e7fcb (webtiles) character file.

Game seed: 10254191494952340025

455 Bravepunisher the Ducker (level 6, 0/33 HPs)
             Began as a Spriggan Monk on Sept 13, 2023.
             Was a Believer of Okawaru.
             Slain by a gnoll
             ... wielding a +0 flail
             ... led by a gnoll sergeant
              (8 damage)
             ... on level 5 of the Dungeon.
             The game lasted 00:10:06 (4235 turns).

Bravepunisher the Ducker (Spriggan Monk)            Turns: 4235, Time: 00:10:06

Health: 0/33       AC:  2    Str:  7    XL:     6   Next: 76%
Magic:  9/9        EV: 22    Int: 12    God:    Okawaru [**....]
Gold:   289        SH:  0    Dex: 19    Spells: 5/5 levels left

rFire   . . .        r - +1 dagger "Yhusysar" {drain, rN+}
rCold   . . .        d - orb {light}
rNeg    + . .        b - +0 robe
rPois   .            (helmet restricted)
rElec   .            (no cloak)
rCorr   .            (gloves unavailable)
SInv    +            (boots unavailable)
Will    +....        (no amulet)
Stlth   +            (no ring)
HPRegen 0.25/turn    (no ring)
MPRegen 0.11/turn

%: no passive effects
@: confused, ambrosia-drunk, glowing, very quick
A: very small, no large weapons, unfitting armour, see invisible, speed 3
a: Renounce Religion, Heroism


You were on level 5 of the Dungeon.
You worshipped Okawaru.
Okawaru was pleased with you.
You visited 2 branches of the dungeon, and saw 6 of its levels.

You collected 289 gold pieces.

Inventory:

Hand Weapons
 r - the +1 dagger "Yhusysar" (weapon) {drain, rN+}
   (You found it on level 5 of the Dungeon)

   rN+:       It protects you from negative energy.
Missiles
 k - 2 throwing nets
 n - 4 poisoned darts
Armour
 b - a +0 robe (worn)
 d - an orb of light (worn)
Scrolls
 a - a scroll of torment {unknown}
 g - a scroll of acquirement {unknown}
 i - 5 scrolls of identify {unknown}
 j - a scroll of enchant weapon {unknown}
 m - a scroll of blinking {unknown}
 o - a scroll of teleportation {unknown}
 q - a scroll of butterflies {unknown}
Potions
 e - 3 potions of curing {unknown}
 h - 2 potions of heal wounds {unknown}
 l - a potion of attraction {unknown}
 p - a potion of mutation {unknown}


   Skills:
 * Level 4.3 Fighting
 - Level 3.2 Short Blades
 + Level 7.5 Dodging
 + Level 2.6 Invocations


You had 5 spell levels left.
You didn't know any spells.
Your spell library was empty.

Dungeon Overview and Level Annotations

Branches:
Dungeon (5/15)             Temple (1/1) D:4

Altars:
Ashenzari
Cheibriados
Dithmenos
Elyvilon
Fedhas
Nemelex Xobeh
Okawaru
Qazlal
Ru
Sif Muna
Uskayaw
Vehumet
Yredelemnul
Zin
The Shining One


Innate Abilities, Weirdness & Mutations

You are very small and have problems with some larger weapons.
You are too small for most types of armour.
You have supernaturally acute eyesight. (SInv)
You cover ground extremely quickly. (Speed+++)


Message History

You hit the gnoll.
The gnoll is severely wounded.
You hit the gnoll.
The gnoll is severely wounded.
The gnoll closely misses you.
You hit the gnoll. You drain the gnoll.
You kill the gnoll!
Okawaru accepts your kill. The gnoll closely misses you.
You hit the gnoll but do no damage. You drain the gnoll.
The gnoll is moderately wounded.
The gnoll misses you.
You barely miss the gnoll.
The gnoll is moderately wounded.
The gnoll misses you. The gnoll hits you with a +0 club.
You hit the gnoll. You drain the gnoll.
The gnoll is severely wounded.
You hit the gnoll.
The gnoll is almost dead.
The gnoll completely misses you.
A ball python comes into view.
The gnoll misses you.
The ball python hisses angrily.
You hit the gnoll but do no damage.
The gnoll is almost dead.
You feel like a meek peon again. The gnoll misses you.
You hit the gnoll.
You kill the gnoll!
Okawaru accepts your kill. The gnoll hits you with a +0 flail.
You hit the gnoll.
The gnoll is moderately wounded.
You barely miss the gnoll.
The gnoll is moderately wounded.
The gnoll hits you with a +0 flail!
* * * LOW HITPOINT WARNING * * *
You are confused.
You feel invigorated. The gnoll hits you with a +0 flail!
You die...

...........#
...........#
..........#
#......###
#......#.# ##
#........#
...#........#
##....####..######
.......)@#........#
#≈~.~≈##g)........#
#~~.~~ #S#........#
≈≈..~..~~.###.######
~~.....~~.# #.#
~......... #.#
....~~.. #.#
....~~.. #.# ≈~≈≈##.
#.#


You could see a gnoll and a ball python.

Vanquished Creatures
  A gnoll sergeant (D:5)
  A howler monkey (D:5)
  2 hounds (D:4)
  Natasha (thrice) (D:2)
  5 gnolls (D:5)
  7 adders
  2 ufetubi (D:5)
  7 dart slugs
  7 orcs
  6 ball pythons
  6 bats
  3 endoplasms
  7 goblins
  4 hobgoblins (D:1)
  7 jackals
  3 quokkas
  4 frilled lizards (D:2)
  14 kobolds
  6 rats
  A spectral orc (D:4)
96 creatures vanquished.

Notes
Turn   | Place    | Note
-------+----------+-------------------------------------------
     0 | D:1      | Bravepunisher the Spriggan Monk began the quest for the
                  | Orb.
     0 | D:1      | Reached XP level 1. HP: 11/11 MP: 2/2
    21 | D:2      | Found a faded altar of an unknown god.
    54 | D:2      | You fall into a shaft and drop 2 floors!
    68 | D:5      | Entered Level 5 of the Dungeon
    68 | D:5      | Noticed a howler monkey
   173 | D:5      | Noticed a gnoll sergeant
   320 | D:4      | Noticed a hound
   327 | D:4      | Killed a hound
   328 | D:4      | Reached skill level 5 in Dodging
   328 | D:4      | Reached XP level 2. HP: 16/16 MP: 3/3
   328 | D:4      | Reached XP level 3. HP: 19/19 MP: 4/4
   550 | D:4      | Found a staircase to the Ecumenical Temple.
   559 | Temple   | Entered the Ecumenical Temple
   620 | Temple   | Became a worshipper of Warmaster Okawaru
   620 | Temple   | Reached * piety under Okawaru
   620 | Temple   | Reached ** piety under Okawaru
   699 | D:3      | Reached XP level 4. HP: 24/24 MP: 5/5
   739 | D:4      | Reached skill level 6 in Dodging
   767 | D:5      | Identified the +1 dagger "Yhusysar" {drain, rN+}
   769 | D:5      | Reached skill level 1 in Invocations
   769 | D:5      | Reached XP level 5. HP: 13/28 MP: 6/6
  1501 | D:1      | Reached skill level 7 in Dodging
  2447 | D:2      | Noticed Natasha
  2457 | D:2      | Killed Natasha
  2458 | D:2      | Reached XP level 6. HP: 23/33 MP: 8/8
  2670 | D:2      | Noticed Natasha
  2676 | D:2      | Killed Natasha
  2802 | D:2      | Noticed Natasha
  2807 | D:2      | Killed Natasha
  3904 | D:4      | Found a basalt altar of Yredelemnul.
  4235 | D:5      | Slain by a gnoll

Illustrated notes

Levels and vault maps discovered:
D:1:      dpeg_arrival_rhombus, layout_loops_corners
D:2:      layout_loops_corners, nicolae_ecumenical_pavilion, st_stairs_13,
          uniq_natasha
D:3:      layout_basic
D:4:      layout_loops_ring, yredelemnul_forgotten_temple_becter,
          minmay_temple_entry_poolview, hangedman_minor_gate_pass
D:5:      layout_rooms, lemuel_crystal_altar, kennysheep_little_box,
          cheibrodos_sewer_entry_sluice, minmay_misc_feat_columns
Temple:   dpeg_chambers_temple

Skill      XL: |  1  2  3  4  5  6 |
---------------+-------------------+-----
Dodging        | 5 6 7 |  7.5
Fighting       | 3 4 |  4.3
Invocations    | 1 2 |  2.6
Short Blades   | |  3.2

Action                     |  1- 3 |  4- 6 || total
---------------------------+-------+-------++-------
  Melee: Dagger            |    40 |   257 ||   297
         Short sword       |     9 |       ||     9
 Invoke: Heroism           |       |     1 ||     1
    Use: Potion            |       |     1 ||     1
 Armour: Robe              |     8 |    54 ||    62
  Dodge: Dodged            |    31 |   203 ||   234

Table legend: (Time is in decaauts)
 A = Elapsed time spent in this place.
 B = Non-inter-level travel time spent in this place.
 C = Inter-level travel time spent in this place.
 D = Time resting spent in this place.
 E = Time spent auto-exploring this place.
 F = Levels seen in this place.
 G = Mean time per level.
                   A        B        C        D        E       F      G
               +--------+--------+--------+--------+--------+-----+--------+
         Total |   2804 |   2609 |    195 |      5 |   1925 |   6 |  467.3 |
       Dungeon |   2758 |   2570 |    188 |      5 |   1925 |   5 |  551.6 |
        Temple |     45 |     38 |      7 |      0 |      0 |   1 |   45.0 |
               +--------+--------+--------+--------+--------+-----+--------+

Top non-repeatable levels by time:
     D:3: 786 daAuts
     D:4: 585 daAuts
     D:2: 566 daAuts
     D:1: 558 daAuts
     D:5: 260 daAuts
  Temple: 45 daAuts
